 Dungeon Crawl Stone Soup version 0.31.0-2-g5a2aebc5c2 (webtiles) character file.

Game seed: 3421283204924909466

131754 experimilk the Brawler (level 16, -2/264 HPs)
             Began as a Troll Gladiator on Jan 20, 2024.
             Was the Champion of Wu Jian.
             Slain by a spriggan rider
             ... wielding a +0 spear
              (8 damage)
             ... on level 1 of the Swamp.
             The game lasted 01:21:48 (26597 turns).

experimilk the Brawler (Troll Gladiator)           Turns: 26597, Time: 01:21:49

Health: -2/264     AC:  9    Str: 32    XL:     16   Next: 56%
Magic:  15/15      EV: 15    Int:  4    God:    Wu Jian [******]
Gold:   31         SH:  5    Dex: 11    Spells: 15/15 levels left

rFire   + .          .
                       - Unarmed
rCold   + . .        (no shield)
rNeg    . . .        P - +3 troll leather armour
rPois   +            b - +0 hat
rElec   .            r - scarf {rC+ rF+}
rCorr   .            (gloves unavailable)
SInv    .            (boots unavailable)
Will    +....        H - amulet of reflection Stlth
                     Y - ring of poison resistance
HPRegen 2.24/turn    B - +5 ring of evasion
MPRegen 0.14/turn

%: reflection
@: berserking, lethally poisoned (-2 -> -7), very quick
A: large, unfitting armour, claws 3, regeneration 1, shaggy fur 1, tough skin 1
a: Renounce Religion, Wall Jump, Serpent's Lash, Heavenly Storm


You were on level 1 of the Swamp.
You worshipped Wu Jian.
Wu Jian was exalted by your worship.
You visited 4 branches of the dungeon, and saw 23 of its levels.
You also visited: Sewer, Bailey and Gauntlet.

You collected 1999 gold pieces.
You spent 1968 gold pieces at shops.

Inventory:

Missiles
 a - 34 poisoned darts
 c - 25 boomerangs
 d - 2 datura-tipped darts
 f - 6 atropa-tipped darts
 g - 5 darts of dispersal
 q - 6 throwing nets
 x - 20 javelins
 z - 29 large rocks (quivered)
 M - a curare-tipped dart
Armour
 b - a +0 hat (worn)
 r - a scarf of resistance (worn)
 P - a +3 troll leather armour (worn)
 V - a +1 cloak
Jewellery
 B - a +5 ring of evasion (right claw)
 C - a +4 ring of protection
 H - an amulet of reflection (around neck)
 J - a ring of fire
 U - a ring of flight
 Y - a ring of poison resistance (left claw)
Wands
 j - a wand of flame (29)
 y - a wand of iceblast (20)
 E - a wand of digging (9)
 K - a wand of mindburst (7)
 O - a wand of acid (6)
 Z - a wand of paralysis (3)
Scrolls
 k - 6 scrolls of fog
 l - 9 scrolls of teleportation
 u - a scroll of revelation
 w - 2 scrolls of silence
 A - 4 scrolls of poison
 F - a scroll of enchant weapon
 L - a scroll of brand weapon
 N - 3 scrolls of blinking
 R - 3 scrolls of enchant armour
 X - a scroll of fear
Potions
 e - 3 potions of resistance
 h - 2 potions of heal wounds
 i - 2 potions of magic
 m - 3 potions of haste
 n - 4 potions of brilliance
 o - a potion of invisibility
 s - 5 potions of mutation
 t - a potion of cancellation
 v - 6 potions of lignification
 D - a potion of ambrosia
 G - 3 potions of curing
 S - 3 potions of enlightenment
Miscellaneous
 p - a condenser vane
 I - a lightning rod (4/4)
 Q - a phantom mirror
 W - a sack of spiders (inert)


   Skills:
 + Level 15.0 Fighting
 - Level 10.0 Throwing
 - Level 10.0 Armour
 - Level 2.4 Dodging
 + Level 15.0 Unarmed Combat
 - Level 9.0 Evocations


You had 15 spell levels left.
You didn't know any spells.
Your spell library contained the following spells:

 Spells                   Type           Power      Damage    Failure   Level
 Freeze                   Ice            0%         1d3       52%         1
 Slow                     Hex            0%         N/A       52%         1
 Summon Small Mammal      Summ           0%         N/A       52%         1
 Call Imp                 Summ           0%         N/A       67%         2
 Ensorcelled Hibernation  Hex/Ice        0%         N/A       67%         2
 Mercury Vapours          Alch/Air       0%         N/A       67%         2
 Momentum Strike          Conj/Tloc      0%         3d8       67%         2
 Static Discharge         Conj/Air       0%         3-3/arc   67%         2
 Sublimation of Blood     Necr           0%         N/A       67%         2
 Call Canine Familiar     Summ           0%         N/A       88%         3
 Confusing Touch          Hex            0%         N/A       88%         3
 Frozen Ramparts          Ice            0%         1d1       88%         3
 Hailstorm                Conj/Ice       0%         3d5       88%         3
 Inner Flame              Hex/Fire       0%         N/A       88%         3
 Mephitic Cloud           Conj/Alch/Air  0%         N/A       88%         3
 Passwall                 Erth           0%         N/A       88%         3
 Sigil of Binding         Hex            0%         N/A       88%         3
 Swiftness                Air            0%         N/A       88%         3
 Vampiric Draining        Necr           0%         2d6       88%         3
 Volatile Blastmotes      Fire/Tloc      0%         2d10      88%         3
 Airstrike                Air            0%         2d(0-16)  99%         4
 Flame Wave               Conj/Fire      0%         2d4       99%         4
 Sticky Flame             Fire/Alch      0%         2d4       99%         4
 Summon Blazeheart Golem  Fire/Summ      0%         N/A       99%         4
 Summon Lightning Spire   Summ/Air       0%         N/A       99%         4
 Vhi's Electric Charge    Tloc/Air       0%         N/A       99%         4
 Arcjolt                  Conj/Air       0%         1d10      100%        5
 Freezing Cloud           Conj/Ice/Air   0%         6-21      100%        5
 Summon Forest            Summ/Tloc      0%         N/A       100%        5
 Eringya's Noxious Bog    Alch           0%         4d6       100%        6
 Plasma Beam              Fire/Air       0%         2x1d10    100%        6
 Orb of Destruction       Conj           0%         9d5       100%        7
 Spellforged Servitor     Conj/Summ      0%         N/A       100%        7
 Summon Hydra             Summ           0%         N/A       100%        7
 Disjunction              Tloc           0%         N/A       100%        8


Dungeon Overview and Level Annotations

Branches:
Dungeon (15/15)            Temple (0/1) D:7            Lair (5/5) D:10
  Swamp (1/4) Lair:2       Spider (0/4) Lair:3        Slime (0/5) Lair:5
    Orc (2/2) D:11            Elf (0/3) Orc:2        Vaults (0/5) D:14
 Depths (0/4) D:15          Sewer (visited)          Bailey (visited)
Gauntlet (visited)

Altars:
Dithmenos
Fedhas
Gozag
Kikubaaqudgha
Makhleb
Okawaru
Qazlal
Trog
Uskayaw
Vehumet
Wu Jian
Xom
Zin
The Shining One
Jiyva

Shops:
D:3 :   D:7 (   D:11 (   D:14 (   D:15 *   Orc:1 =   Orc:2 (**?

Annotations:
D:8 2 transporters
Lair:5 2 transporters, bpung's ghost, journeyman TrSh


Innate Abilities, Weirdness & Mutations

You are too large for most types of armour.
You have claws for hands.
Your natural rate of healing is unusually fast.
You are covered in fur. (AC +1)
You have tough skin. (AC +1)


Message History

The spriggan rider hits you with a +0 spear.
* * * LOW HITPOINT WARNING * * *
You mangle the hornet!!
You kill the hornet!
The Council accepts your kill.
You feel sick. The spriggan rider closely misses you.
Unknown command.
Found a chain mail.
You spin and attack the spriggan rider repeatedly.
You claw the spriggan rider!
You kill the spriggan!
The Council accepts your kill.
Your claw misses the hornet.
The hornet is moderately wounded.
You scratch the hornet.
The hornet is heavily wounded.
You feel sick.
The spriggan rider hits you from afar with a +0 spear!
* * * LOW HITPOINT WARNING * * *
Training target 9.0 for Evocations reached!
Your Evocations skill increases to level 9!
You need to enable at least one skill for training.
Items here: ( ) ††.
You closely miss the hornet.
The hornet is heavily wounded.
You feel sick. The hornet barely misses you.
Unknown command.
You closely miss the hornet.
The hornet is heavily wounded.
You feel sick. The hornet stings you.
* * * LOW HITPOINT WARNING * * *
You are more poisoned.
Unknown command.
You eviscerate the hornet!!!
You kill the hornet!
The Council accepts your kill.
* * * LOW HITPOINT WARNING * * *
You feel sick.
The spriggan rider hits you from afar with a +0 spear!
You die...

♣♣~~~..~♣♣~~~♣♣♣♣♣♣♣♣~...~~
...~~~~...i~♣~...♣ ..~..~
♣.~~~..~.♣♣...♣♣ ~~~~~
♣~~~...~♣♣~~♣♣ ~~~~
♣♣~...♣♣♣♣♣♣♣♣♣ ♣♣♣♣
♣.÷..~..♣♣...~
♣♣..♣♣♣♣.~~....~~.~~[
♣.~~.♣~..~~~.§.~....~
♣....~..~~~i)@~~~...~
♣♣♣~~~.~~....§~~~.~~~
♣♣~~....♣♣.~~~~~~~.
♣~.......~.~~~~.~~.
♣♣....~...~~~~..~.~
♣~.♣♣♣♣~~~~~~♣♣...
♣♣...♣♣♣.~~~~~♣ ♣..
♣~...~♣♣~~~~~.♣ ♣♣
♣♣♣~♣♣~.~~~..~♣


You could see a spriggan rider.

Vanquished Creatures
  Jorgrun (D:13)
  Kirke (D:13)
  A stone giant (D:15)
  An eleionoma (Swamp:1)
  Josephine (D:13)
  7 vault guards (D:14)
  Erolcha (D:9)
  2 hydras
  A catoblepas (D:13)
  5 ogre magi
  7 centaur warriors
  A merfolk avatar (Lair:5)
  An alligator (Swamp:1)
  2 boulder beetles
  24 two-headed ogres
  4 tengu warriors
  Urug (Lair:4)
  A death yak (Gauntlet)
  2 orc high priests (Orc:2)
  2 thrashing horrors (Gauntlet)
  Amaemon (D:8)
  A goliath frog (Swamp:1)
  4 skysharks
  3 skeletal warriors (D:14)
  9 slime creatures
  A swamp dragon (Lair:2)
  A harpy (Lair:5)
  A deep elf pyromancer (D:14)
  A necromancer (Gauntlet)
  15 ugly things
  A manticore (D:15)
  7 cyclopes
  4 orc sorcerers (Orc:2)
  3 kobold blastminers (Orc:2)
  A meliai (Lair:3)
  6 black mambas
  19 elephants
  13 cane toads
  A torpor snail (Lair:5)
  2 gargoyles
  2 kobold demonologists
  An orange demon (D:8)
  3 rime drakes
  12 komodo dragons
  An efreet (D:14)
  Psyche (D:10)
  6 polar bears
  4 trolls
  3 hornets
  5 blink frogs (Lair:5)
  5 dream sheep (Lair:4)
  Sigmund (D:3)
  A shadow (D:13)
  6 wyverns
  6 wraiths
  A centaur simulacrum (D:15)
  5 hogs
  A fire bat (D:8)
  2 spriggans (Swamp:1)
  31 yaks
  5 basilisks
  A hog (shapeshifter) (D:13)
  11 vampire mosquitoes
  2 wargs (Orc:2)
  4 steam dragons
  12 water moccasins
  3 acid dragons
  Duvessa (D:5)
  A swamp drake (Swamp:1)
  21 orc warriors
  An ice beast (D:6)
  3 sky beasts
  25 ogres
  7 wolves
  31 centaurs
  2 phantoms
  6 kobold brigands
  15 bullfrogs
  3 gnoll sergeants
  4 small abominations (Gauntlet)
  2 scorpions
  14 wights
  Dowan (D:5)
  11 killer bees
  5 howler monkeys
  A crimson imp (D:8)
  2 bombardier beetles
  3 hounds
  2 gnoll boudas
  5 jellies
  9 orc priests
  A sleepcap (D:4)
  Ijyb (D:5)
  Terence (D:3)
  5 iguanas
  Natasha (thrice) (D:3)
  12 orc wizards
  Robin (D:4)
  26 gnolls
  13 adders
  8 dart slugs
  2 ribbon worms (D:3)
  67 orcs
  9 endoplasms
  16 giant cockroaches
  15 goblins
  7 hobgoblins
  23 kobolds
  2 quokkas
  9 ball pythons
  7 bats
  13 frilled lizards
  8 rats
719 creatures vanquished.

Vanquished Creatures (collateral kills)
  A minotaur (Gauntlet)
  A vault guard (D:14)
  An elephant (Lair:1)
  A komodo dragon (D:10)
  4 yaks
  A wolf (Lair:1)
9 creatures vanquished.

Vanquished Creatures (others)
  An elephant (Lair:1)
  2 yaks (D:10)
3 creatures vanquished.

Grand Total: 731 creatures vanquished

Notes
Turn   | Place    | Note
-------+----------+-------------------------------------------
     0 | D:1      | experimilk the Troll Gladiator began the quest for the Orb.
     0 | D:1      | Reached XP level 1. HP: 19/19 MP: 0/0
   177 | D:1      | Reached XP level 2. HP: 27/27 MP: 1/1
   521 | D:1      | Found a faded altar of an unknown god.
   703 | D:2      | Reached XP level 3. HP: 30/33 MP: 2/2
  1545 | D:3      | Noticed Natasha
  1554 | D:3      | Killed Natasha
  1555 | D:3      | Reached skill level 5 in Unarmed Combat
  1555 | D:3      | Reached XP level 4. HP: 30/41 MP: 3/3
  1572 | D:3      | Noticed Sigmund
  1586 | D:3      | Killed Sigmund
  1587 | D:3      | Reached XP level 5. HP: 39/48 MP: 4/4
  1722 | D:3      | Noticed Natasha
  1723 | D:3      | Killed Natasha
  1724 | D:3      | Reached XP level 6. HP: 55/55 MP: 5/5
  1728 | D:3      | Noticed Terence
  1731 | D:3      | Killed Terence
  1865 | D:3      | Noticed Natasha
  1867 | D:3      | Killed Natasha
  2009 | D:3      | Found Lycrax's Book Boutique.
  2018 | D:3      | Found a shadowy altar of Dithmenos.
  2103 | D:3      | Found an ornate altar of the Wu Jian Council.
  2225 | D:3      | Became a worshipper of the Wu Jian Council
  2484 | D:4      | Reached XP level 7. HP: 62/62 MP: 6/6
  2550 | D:4      | Noticed Robin
  2565 | D:4      | Reached * piety under Wu Jian
  2571 | D:4      | Killed Robin
  2684 | D:4      | Found an iron altar of Okawaru.
  2767 | D:4      | Found an ancient bone altar of Kikubaaqudgha.
  3348 | D:5      | Entered Level 5 of the Dungeon
  3348 | D:5      | Noticed Duvessa
  3348 | D:5      | Noticed Dowan
  3429 | D:5      | Found a radiant altar of Vehumet.
  3666 | D:5      | Reached XP level 8. HP: 70/70 MP: 7/7
  3710 | D:5      | Killed Duvessa
  3711 | D:5      | Reached skill level 10 in Unarmed Combat
  3714 | D:5      | Killed Dowan
  3773 | D:5      | Reached ** piety under Wu Jian
  3855 | D:5      | Noticed Ijyb
  3864 | D:5      | Killed Ijyb
  3944 | D:5      | Found an opulent altar of Gozag.
  4086 | D:5      | Found a blossoming altar of Fedhas.
  4344 | D:6      | Reached skill level 5 in Fighting
  4388 | D:6      | Found a glowing drain.
  4394 | Sewer    | Entered a sewer
  4696 | D:6      | Reached *** piety under Wu Jian
  4697 | D:6      | Reached XP level 9. HP: 89/89 MP: 8/8
  4705 | D:6      | Paralysed by a hornet for 1 turns
  4707 | D:6      | Paralysed by a hornet for 2 turns
  5031 | D:6      | Noticed an angel
  5032 | D:6      | Found a glowing silver altar of Zin.
  5283 | D:7      | Found Cink's Antique Weapon Shoppe.
  5393 | D:7      | Found a staircase to the Ecumenical Temple.
  6058 | D:8      | Noticed Amaemon
  6059 | D:8      | Noticed an orange demon
  6387 | D:7      | Reached XP level 10. HP: 83/107 MP: 9/9
  6510 | D:7      | Reached **** piety under Wu Jian
  7019 | D:8      | Found a transporter.
  7061 | D:8      | Found a shimmering altar of Xom.
  7066 | D:8      | Reached skill level 10 in Fighting
  7115 | D:8      | Killed Amaemon
  7123 | D:8      | Killed an orange demon
  7199 | D:8      | Found a burning altar of Makhleb.
  7229 | D:8      | Found a hide-covered altar of Uskayaw.
  7299 | D:8      | Found a transporter.
  7340 | D:8      | Found a viscous altar of Jiyva.
  7580 | D:9      | Found a flagged portal.
  7593 | Bailey   | Entered a bailey
  7614 | Bailey   | Reached skill level 5 in Throwing
  7918 | Bailey   | Found an iron altar of Okawaru.
  8053 | D:9      | Noticed Erolcha
  8059 | D:9      | Killed Erolcha
  8073 | D:9      | Reached XP level 11. HP: 117/117 MP: 10/10
  8462 | D:9      | Found a bloodstained altar of Trog.
  8543 | D:9      | Reached ***** piety under Wu Jian
  8685 | D:9      | Found a glowing golden altar of the Shining One.
  8689 | D:9      | Found a stormy altar of Qazlal.
  8865 | D:10     | Entered Level 10 of the Dungeon
  9016 | D:10     | Noticed Psyche
  9022 | D:10     | Killed Psyche
  9097 | D:10     | Noticed a two-headed ogre
  9101 | D:10     | Killed a two-headed ogre
  9413 | D:10     | Reached skill level 10 in Throwing
  9429 | D:10     | Reached skill level 1 in Armour
  9441 | D:10     | Found a staircase to the Lair.
  9813 | Lair:1   | Entered Level 1 of the Lair of Beasts
 10142 | Lair:1   | Reached skill level 5 in Armour
 10613 | Lair:1   | Reached XP level 12. HP: 112/126 MP: 11/11
 11247 | Lair:2   | Found a gate leading to a gauntlet.
 11270 | Gauntlet | Entered a Gauntlet
 11270 | Gauntlet | Found a transporter.
 11270 | Gauntlet | Found a transporter.
 11270 | Gauntlet | Found a runed translucent gate.
 11272 | Gauntlet | Found a runed translucent gate.
 11273 | Gauntlet | Found a runed translucent gate.
 11276 | Gauntlet | Found a transporter.
 11291 | Gauntlet | Found a transporter.
 11305 | Gauntlet | Noticed a death yak
 11306 | Gauntlet | Found a transporter.
 11306 | Gauntlet | Found a transporter.
 11306 | Gauntlet | Found a transporter.
 11308 | Gauntlet | Found a transporter.
 11308 | Gauntlet | Found a transporter.
 11312 | Gauntlet | Noticed a great orb of eyes
 11320 | Gauntlet | Found a transporter.
 11336 | Gauntlet | Found a transporter.
 11344 | Gauntlet | Found a runed translucent door.
 11346 | Gauntlet | Found a transporter.
 11349 | Gauntlet | Found a runed translucent door.
 11351 | Gauntlet | Found a transporter.
 11378 | Gauntlet | Noticed a death yak
 11378 | Gauntlet | Noticed a death yak
 11380 | Gauntlet | Noticed a death yak
 11385 | Gauntlet | Found a transporter.
 11862 | Gauntlet | Killed a death yak
 12021 | Gauntlet | Identified the ring of Xom's Fury {MP+9 Dex+3}
 12150 | Gauntlet | Identified the +8 arbalest of Valour {penet, rElec rN+
                  | Str-3 Dex+2}
 12150 | Gauntlet | Identified the +8 broad axe of Joyful Slaughter {protect,
                  | *Slow rN+ Dex+3}
 12150 | Gauntlet | Identified the +5 ring mail of Sif Muna's Pride {rF+ Str+3
                  | Stlth+}
 12150 | Gauntlet | Noticed a minotaur
 12153 | Gauntlet | Killed a minotaur
 12399 | Gauntlet | Got Bofa Ali's Guidebook on Orientation
 12502 | Lair:2   | Found a staircase to the Swamp.
 12738 | Lair:2   | Reached skill level 10 in Armour
 12894 | Lair:2   | Noticed a boulder beetle
 12904 | Lair:2   | Killed a boulder beetle
 13537 | Lair:3   | Found a hole to the Spider Nest.
 13757 | Lair:3   | Reached skill level 1 in Evocations
 14026 | Lair:3   | Reached XP level 13. HP: 133/133 MP: 12/12
 15408 | Lair:4   | Noticed Urug
 15428 | Lair:4   | Killed Urug
 15855 | Lair:4   | Reached XP level 14. HP: 143/143 MP: 13/13
 15899 | Lair:5   | Entered Level 5 of the Lair of Beasts
 16566 | Lair:5   | Reached skill level 15 in Unarmed Combat
 16584 | Lair:5   | Found a viscous altar of Jiyva.
 16584 | Lair:5   | Found a staircase to the Slime Pits.
 16777 | Lair:5   | Reached skill level 5 in Evocations
 16851 | Lair:5   | Reached ****** piety under Wu Jian
 17199 | Lair:5   | Noticed bpung's ghost (journeyman TrSh)
 17212 | Lair:5   | Found a transporter.
 17216 | Lair:5   | Found a transporter.
 17758 | D:11     | Found a staircase to the Orcish Mines.
 18224 | D:11     | Found Geosuno Emev's Weapon Emporium.
 18346 | D:11     | Found an iron altar of Okawaru.
 18543 | Orc:1    | Entered Level 1 of the Orcish Mines
 18555 | Orc:1    | Reached XP level 15. HP: 152/152 MP: 14/14
 18574 | Orc:1    | Found Osaihyann's Jewellery Emporium.
 18822 | Orc:2    | Entered Level 2 of the Orcish Mines
 18909 | Orc:2    | Found a staircase to the Elven Halls.
 19374 | Orc:2    | Paralysed by an ogre mage for 4 turns
 20261 | Orc:2    | Found Pomixeg's Magic Scroll Boutique.
 20261 | Orc:2    | Found Inlapp's General Store.
 20262 | Orc:2    | Found Nyniosir's General Store.
 20262 | Orc:2    | Found Wozaori's Antique Weapon Shop.
 20333 | Orc:2    | Bought a potion of resistance for 130 gold pieces
 20333 | Orc:2    | Bought a potion of curing for 39 gold pieces
 20333 | Orc:2    | Bought a potion of heal wounds for 65 gold pieces
 20334 | Orc:2    | Bought a scroll of fog for 44 gold pieces
 20334 | Orc:2    | Bought a scroll of blinking for 82 gold pieces
 20334 | Orc:2    | Bought a scroll of teleportation for 33 gold pieces
 20335 | Orc:2    | Bought a scroll of blinking for 97 gold pieces
 20335 | Orc:2    | Bought a potion of berserk rage for 65 gold pieces
 20335 | Orc:2    | Bought a scroll of blinking for 97 gold pieces
 20335 | Orc:2    | Bought a potion of haste for 130 gold pieces
 20336 | Orc:2    | Bought a sack of spiders for 520 gold pieces
 21537 | D:13     | Noticed Kirke
 21951 | D:13     | Killed Kirke
 22100 | D:13     | Noticed Josephine
 22105 | D:13     | Killed Josephine
 22869 | D:14     | Noticed Jorgrun
 22878 | D:13     | Killed Jorgrun
 22998 | D:14     | Reached XP level 16. HP: 171/172 MP: 15/15
 23417 | D:14     | Found a gate to the Vaults.
 24156 | D:14     | Found Uxoask's Weapon Boutique.
 25038 | D:15     | Entered Level 15 of the Dungeon
 25321 | D:15     | Found Reoturoj's Assorted Antiques.
 25329 | D:15     | Bought a scroll of teleportation for 69 gold pieces
 25329 | D:15     | Bought a scroll of teleportation for 69 gold pieces
 25329 | D:15     | Bought a scroll of identify for 46 gold pieces
 25329 | D:15     | Bought a scroll of fog for 92 gold pieces
 25436 | D:15     | Reached skill level 15 in Fighting
 25478 | D:15     | Found a staircase to the Depths.
 26075 | Orc:1    | Bought an amulet of reflection for 390 gold pieces
 26194 | Swamp:1  | Entered Level 1 of the Swamp
 26594 | Swamp:1  | HP: 9/264 [spriggan rider/+0 spear (14)]
 26597 | Swamp:1  | Slain by a spriggan rider

Illustrated notes

Levels and vault maps discovered:
D:1:      shiori_shiawase, layout_loops_ring, ebering_ecumenical_altar_hall
D:2:      layout_basic
D:3:      layout_rooms, lemuel_round_altar, grunt_dithmenos_smoke, serial_shops,
          shop, uniq_terence, uniq_sigmund, uniq_natasha
D:4:      layout_loops_ring, mainiacjoe_overflow_alcove_2,
          nicolae_kikubaaqudgha_miasma_corner, serial_bayou,
          serial_bayou_shore_a, serial_bayou_pond_b, serial_bayou_lake_a,
          serial_bayou_pond_a, kennysheep_generic_room_13, uniq_robin
D:5:      layout_rooms, fedhas_ov_isle_minmay, mainiacjoe_overflow_catwalk,
          grunt_gozag_statues, uniq_ijyb, uniq_duvessa
D:6:      layout_rooms, zin_angel, mainiacjoe_sewer_entry_somewhere_in_here_1
D:7:      layout_basic, minmay_temple_entry_fiery, serial_shops, shop
D:8:      gammafunk_jiyva_shrine, layout_rooms, regret_index_xom_of_box,
          makhleb_grotto_becter, lemuel_tele_altar, uniq_amaemon
D:9:      layout_loops_ring, bloody_trog,
          chequers_temple_overflow_statue_of_worship, enter_bailey_7,
          minmay_misc_feat_enclosed, uniq_erolcha
D:10:     layout_basic, david_lair_shrubbed, uniq_psyche
D:11:     layout_irregular_city, orc_0_dummy, serial_shops, shop,
          kennysheep_okawaru_gauntlet
D:12:     layout_stronghold
D:13:     layout_long_grid, minmay_fountain_box, serial_library_hellmonk_h_bend,
          kennysheep_another_room, st_stairs_13, uniq_kirke, uniq_josephine
D:14:     layout_irregular_city, erik_vaults_2, serial_shops, shop, uniq_jorgrun
D:15:     grunt_enter_depths_snipers, layout_basic, serial_shops, shop,
          moated_statue
Lair:1:   layout_gridlike
Lair:2:   layout_cave_pods, mainiacjoe_swamp_entry_lozenge_pond,
          gauntlet_entry_generic, grunt_megastairs_5
Lair:3:   layout_layer_cave, hellmonk_spider_entry_not_the_bees
Lair:4:   layout_loops_ring, beast_lair_carwin_2, uniq_urug
Lair:5:   gammafunk_lair_ancient_temple, layout_misc_corridors,
          nicolae_slime_entry_slimehenge, gammafunk_ghost_hive,
          lemuel_fruit_tree
Swamp:1:  layout_basic_swamp, nicolae_swamp_dense_foliage, swamp_pool_1_2,
          uniq_frances
Orc:1:    layout_caves, serial_shops, nicolae_shop_window_shopping
Orc:2:    st_orc_ogre_mass, layout_diamond_mine, kennysheep_orc_chapel

Skill      XL: |  1  2  3  4  5  6  7  8  9 10 11 12 13 14 15 16 |
---------------+-------------------------------------------------+-----
Unarmed Combat | 4 5 6 8 9 10 11 13 15 | 15.0
Fighting       | 6 9 10 14 15 | 15.0
Throwing       | 7 10 | 10.0
Armour         | 6 10 | 10.0
Evocations     | 1 2 6 7 9 |  9.0
Dodging        | |  2.4

Action                     |  1- 3 |  4- 6 |  7- 9 | 10-12 | 13-15 | 16-18 || total
---------------------------+-------+-------+-------+-------+-------+-------++-------
  Melee: Unarmed           |    91 |   108 |   297 |   437 |   594 |   170 ||  1697
         Punch             |     1 |     5 |    15 |    30 |    49 |    10 ||   110
  Throw: Large rock        |       |    13 |    39 |    84 |    97 |    82 ||   315
         Throwing net      |       |     1 |       |     3 |       |       ||     4
         Dart              |       |       |    10 |    63 |    18 |       ||    91
         Boomerang         |       |       |    14 |    47 |   262 |       ||   323
         Javelin           |       |       |       |       |    11 |     4 ||    15
 Invoke: Serpent's Lash    |       |       |     2 |     8 |     9 |     3 ||    22
         Heavenly Storm    |       |       |       |       |     1 |       ||     1
Ability: Lunge             |       |     3 |    34 |    56 |    64 |    17 ||   174
         Whirlwind         |       |       |    24 |    68 |   113 |    45 ||   250
  Evoke: Lightning rod     |       |       |       |     1 |       |     3 ||     4
         Wand              |       |       |       |     1 |       |     2 ||     3
         Phantom mirror    |       |       |       |     1 |       |       ||     1
         Sack of spiders   |       |       |       |       |       |     1 ||     1
    Use: Scroll            |     2 |     4 |     7 |     9 |     7 |     5 ||    34
         Potion            |       |       |     3 |     2 |     3 |     1 ||     9
   Stab: Sleeping          |     2 |     1 |     1 |       |       |       ||     4
         Held in net/web   |       |     1 |       |       |       |       ||     1
 Armour: Robe              |    62 |    65 |   199 |    13 |       |       ||   339
         Steam dragon scal |       |       |       |   172 |       |       ||   172
         Troll leather arm |       |       |       |    37 |   316 |   140 ||   493
         Skin              |       |       |       |       |    10 |       ||    10
  Dodge: Dodged            |    50 |    44 |   115 |   216 |   356 |    92 ||   873
  Block: Other             |       |       |       |       |       |     5 ||     5
         Reflection        |       |       |       |       |       |     1 ||     1
